 Dungeon Crawl Stone Soup version 0.31-a0-344-gd109795599 (webtiles) character file.

Game seed: 12258603130188174584

262603 Conn the Eclecticist (level 20, -3/211 HPs)
             Began as an Octopode Fire Elementalist on July 21, 2023.
             Was an Elder of Sif Muna.
             Killed from afar by a shock serpent (15 damage)
             ... with a bolt of electricity
             ... on level 1 of the Snake Pit on July 22, 2023.
             The game lasted 03:35:46 (46022 turns).

Conn the Eclecticist (Octopode Fire Elementalist)  Turns: 46022, Time: 03:35:48

Health: -3/211     AC: 34    Str:  8    XL:     20   Next: 40%
Magic:  3/41       EV:  2    Int: 33    God:    Sif Muna [****..]
Gold:   3988       SH: 23    Dex: 22    Spells: 6/53 levels left

rFire   + + .        a - staff of fire
rCold   + . .        P - +5 kite shield
rNeg    + + .        H - melded +2 hat {SInv}
rPois   +            z - amulet of reflection
rElec   .            t - ring of Anaid {rN+ Will- Int+2 Dex+6 Slay+5}
rCorr   +            i - +5 ring of evasion
SInv    .            Z - ring of protection from cold
Will    .....        I - ring of fire
Stlth   ++++         K - +6 ring of intelligence
HPRegen 0.55/turn    k - ring "Qeraecw" {Drain Fly rC+ rN+ Dex+3}
MPRegen 0.27/turn    V - ring of resist corrosion
                     T - +4 ring of protection

%: reflection
@: tree-form, slowed, very slow
A: stationary, stasis, torment immunity, boosted hp, almost no armour,
(amphibious), 8 rings, (camouflage 1), (gelatinous body 1), (nimble swimmer 1),
(tentacles), (iridescent scales 2), deterioration 1, robust 1
}: 1/15 runes: decaying
a: Renounce Religion, Channel Magic, Forget Spell, Divine Exegesis


You were on level 1 of the Snake Pit.
You worshipped Sif Muna.
Sif Muna was greatly pleased with you.
You were a tree.
You visited 8 branches of the dungeon, and saw 32 of its levels.
You visited the Abyss 3 times.
You also visited: Sewer, Bailey, Gauntlet and Ice Cave.

You collected 5561 gold pieces.
You spent 1573 gold pieces at shops.

Inventory:

Hand Weapons
 b - a +9 dagger of protection
 g - the +8 hand axe "Qucuigis" {holy, rElec rCorr Dex-5 SInv}
   (You took it off an orc priest on level 2 of the Orcish Mines)

   Dex:       It affects your dexterity (-5).
   rElec:     It insulates you from electricity.
   SInv:      It lets you see invisible.
   rCorr:     It protects you from acid and corrosion.
 u - the +1 arbalest "Hierimy" {heavy, rElec rC+ Dex+3}
   (You took it off a minotaur in a Gauntlet)

   Dex:       It affects your dexterity (+3).
   rC:        It protects you from cold.
   rElec:     It insulates you from electricity.
Armour
 H - a +2 hat of see invisible (melded)
 P - a +5 kite shield (worn)
Magical Staves
 a - a staff of fire (weapon)
 E - a staff of cold
Jewellery
 i - a +5 ring of evasion (right branch)
 k - the ring "Qeraecw" (on tentacle) {Drain Fly rC+ rN+ Dex+3}
   (You bought it in a shop on level 2 of the Orcish Mines)

   [ring of positive energy]

   Dex:       It affects your dexterity (+3).
   rC:        It protects you from cold.
   rN:        It protects you from negative energy.
   Fly:       It grants you flight.
   Drain:     It drains your maximum health when unequipped.
 l - the ring "Exitew" {rC+ rN+}
   (You took it off a deep elf knight on level 3 of the Elven Halls)

   [ring of positive energy]

   rC:        It protects you from cold.
   rN:        It protects you from negative energy.
 m - a +4 ring of protection
 o - a ring of wizardry
 t - the ring of Anaid (left branch) {rN+ Will- Int+2 Dex+6 Slay+5}
   (You found it on level 4 of the Dungeon)

   [ring of dexterity]

   Int:       It affects your intelligence (+2).
   Dex:       It affects your dexterity (+6).
   Slay:      It affects your accuracy & damage with ranged weapons and melee
   (+5).
   rN:        It protects you from negative energy.
   Will:      It decreases your willpower.
 z - an amulet of reflection (around neck)
 I - a ring of fire (on tentacle)
 K - a +6 ring of intelligence (on tentacle)
 T - a +4 ring of protection (on tentacle)
 V - a ring of resist corrosion (on tentacle)
 Y - the ring of Freedom {rPois rF- Str+6 Int+3 Dex-2}
   (You bought it in a shop on level 12 of the Dungeon)

   [ring of poison resistance]

   Str:       It affects your strength (+6).
   Int:       It affects your intelligence (+3).
   Dex:       It affects your dexterity (-2).
   rF:        It makes you vulnerable to fire.
   rPois:     It protects you from poison.
 Z - a ring of protection from cold (on tentacle)
Talismans
 N - a blade talisman
Wands
 w - a wand of flame (53)
 y - a wand of charming (56)
 D - a wand of iceblast (34)
 F - a wand of mindburst (23)
 J - a wand of polymorph (18)
 Q - a wand of digging (17)
 R - a wand of quicksilver (19)
Scrolls
 d - 4 scrolls of amnesia
 f - 2 scrolls of enchant armour
 n - 7 scrolls of teleportation
 v - 6 scrolls of fog
 C - 4 scrolls of immolation
 G - 6 scrolls of poison
 L - 5 scrolls of revelation
 M - 2 scrolls of fear
 O - 13 scrolls of identify
 S - 3 scrolls of torment
 U - 2 scrolls of butterflies
 X - 5 scrolls of enchant weapon
Potions
 c - 4 potions of heal wounds
 e - 3 potions of magic
 h - 4 potions of resistance
 j - 4 potions of lignification
 p - 3 potions of invisibility
 q - 6 potions of brilliance
 r - 7 potions of mutation
 s - 10 potions of curing
 x - 6 potions of haste
 A - 3 potions of might
 B - 2 potions of cancellation
 W - 2 potions of berserk rage


   Skills:
 + Level 9.0 Fighting
 - Level 6.2 Short Blades
 + Level 2.2 Axes
 + Level 2.3 Staves
 + Level 7.1 Dodging
 - Level 8.2 Stealth
 * Level 11.0 Shields
 + Level 0.6 Unarmed Combat
 * Level 17.4 Spellcasting
 * Level 16.0 Conjurations
 + Level 2.8 Hexes
 + Level 5.2 Summonings
 + Level 4.7 Translocations
 - Level 3.0 Transmutations
 + Level 16.0 Fire Magic
 - Level 6.0 Air Magic
 + Level 1.3 Poison Magic
 + Level 11.1 Invocations


You had 6 spell levels left.
You knew the following spells:

 Your Spells              Type           Power      Damage    Failure   Level
a - Foxfire               Conj/Fire      100%       2x1d9     0%          1
b - Scorch                Fire           100%       2d9       0%          2
c - Inner Flame           Hex/Fire       100%       N/A       1%          3
d - Flame Wave            Conj/Fire      100%       2d21      1%          4
e - Starburst             Conj/Fire      70%        6d18      1%          6
f - Orb of Destruction    Conj           47%        9d12      4%          7
g - Mephitic Cloud        Conj/Pois/Air  69%        N/A       1%          3
h - Fireball              Conj/Fire      70%        3d26      1%          5
i - Summon Lightning Spi  Summ/Air       60%        N/A       4%          4
j - Blink                 Tloc           100%       N/A       1%          2
k - Summon Guardian Gole  Hex/Summ       53%        N/A       2%          3
m - Swiftness             Air            62%        N/A       1%          3
r - Iskenderun's Mystic   Conj/Tloc      77%        2d15      1%          4

Your spell library contained the following spells:

 Spells                   Type           Power      Damage    Failure   Level
 Magic Dart               Conj           100%       1d8       0%          1
 Searing Ray              Conj           100%       2d8       0%          2
 Apportation              Tloc           100%       N/A       1%          1
 Kiss of Death            Conj/Necr      100%       2d13      1%          1
 Shock                    Conj/Air       100%       1d9       1%          1
 Lesser Beckoning         Tloc           100%       N/A       1%          2
 Momentum Strike          Conj/Tloc      100%       3d10      1%          2
 Dazzling Flash           Conj/Hex       100%       N/A       1%          3
 Gell's Gravitas          Tloc           56%        N/A       1%          3
 Hailstorm                Conj/Ice       69%        3d14      1%          3
 Stone Arrow              Conj/Erth      100%       3d13      1%          3
 Teleport Other           Tloc           56%        N/A       1%          3
 Vhi's Electric Charge    Tloc/Air       100%       N/A       1%          3
 Volatile Blastmotes      Fire/Tloc      100%       2d18      1%          3
 Fulminant Prism          Conj/Hex       37%        3d17      1%          4
 Arcjolt                  Conj/Air       39%        1d49      1%          5
 Iskenderun's Battlesphe  Conj           94%        2d14      1%          5
 Cigotuvi's Dreadful Rot  Necr/Pois/Air  90%        N/A       2%          2
 Portal Projectile        Hex/Tloc       100%       N/A       2%          3
 Irradiate                Conj/Tmut      37%        3d24      2%          5
 Ensorcelled Hibernation  Hex/Ice        76%        N/A       3%          2
 Passwall                 Tmut/Erth      31%        N/A       3%          2
 Airstrike                Air            31%        2d(5-21)  3%          4
 Sandblast                Erth           56%        2d13      4%          1
 Confusing Touch          Hex            47%        N/A       4%          3
 Sublimation of Blood     Necr           28%        N/A       6%          2
 Manifold Assault         Tloc           56%        N/A       6%          4
 Freezing Cloud           Conj/Ice/Air   33%        6-21      6%          5
 Conjure Ball Lightning   Conj/Air       39%        3x3d13    7%          6
 Plasma Beam              Fire/Air       61%        2x1d77    7%          6
 Vampiric Draining        Necr           28%        2d8       13%         3
 Summon Ice Beast         Ice/Summ       46%        N/A       14%         4
 Summon Forest            Summ/Tloc      29%        N/A       16%         5
 Petrify                  Tmut/Erth      38%        N/A       22%         4
 Summon Mana Viper        Hex/Summ       53%        N/A       22%         5
 Leda's Liquefaction      Hex/Erth       19%        N/A       24%         4
 Leda's Unmaking          Conj/Erth      34%        9d6       24%         6
 Yara's Violent Unravell  Hex/Tmut       24%        3d11      34%         5
 Dispel Undead            Necr           28%        3d13      38%         4
 Alistair's Intoxication  Tmut/Pois      28%        N/A       43%         5
 Summon Cactus Giant      Summ           29%        N/A       58%         6
 Dispersal                Tloc           28%        N/A       67%         6
 Borgnjor's Vile Clutch   Necr/Erth      14%        N/A       75%         5
 Lee's Rapid Deconstruct  Erth           14%        3d9*      75%         5
 Eringya's Noxious Bog    Tmut/Pois      21%        4d6       95%         6
 Death Channel            Necr           14%        N/A       100%        6
 Simulacrum               Ice/Necr       14%        N/A       100%        6
 Spellforged Servitor     Conj/Summ      39%        N/A       41%         7
 Summon Hydra             Summ           29%        N/A       99%         7
 Fire Storm               Conj/Fire      70%        8d18      99%         9
 Ozocubu's Refrigeration  Ice            14%        4d10      100%        7
 Borgnjor's Revivificati  Necr           14%        N/A       100%        8
 Disjunction              Tloc           28%        N/A       100%        8
 Lehudib's Crystal Spear  Conj/Erth      34%        10d9      100%        8
 Chain Lightning          Conj/Air       39%        3d52      100%        9
 Dragon's Call            Summ           29%        N/A       100%        9
 Polar Vortex             Ice            14%        12d1*     100%        9
 Animate Armour           Summ/Erth      Unusable   N/A       N/A         4

Dungeon Overview and Level Annotations

Branches:
Dungeon (15/15)            Temple (1/1) D:5            Lair (5/5) D:9
  Swamp (4/4) Lair:3        Snake (1/4) Lair:2        Slime (1/5) Lair:4
    Orc (2/2) D:11            Elf (3/3) Orc:2        Vaults (0/5) D:13
 Depths (0/4) D:15          Sewer (visited)          Bailey (visited)
  IceCv (visited)         Gauntlet (visited)

Altars:
Ashenzari
Cheibriados
Dithmenos
Elyvilon
Fedhas
Gozag
Hepliaklqana
Kikubaaqudgha
Makhleb
Nemelex Xobeh
Okawaru
Qazlal
Ru
Sif Muna
Trog
Uskayaw
Vehumet
Wu Jian
Xom
Yredelemnul
Zin
The Shining One

Shops:
D:1 (   D:2 ?   D:5 (   D:8 [   D:9 *   D:12 =   Orc:2 [[=*   Elf:2 [


Innate Abilities, Weirdness & Mutations

You are a tree.
Your roots penetrate the ground, keeping you stationary.
You cannot be teleported.
You are immune to unholy pain and torment.
Your maximum health is greatly increased.
You cannot wear most types of armour.
((You are amphibious.))
You can wear up to eight rings at the same time.
((Your skin changes colour to match your surroundings (Stealth+).))
((Your rubbery body absorbs attacks. (AC +1, EV +1)))
((You are camouflaged when in or above water. (Stealth+)))
((You have tentacles for arms and can constrict up to eight enemies at once.))
((You are mostly covered in iridescent scales. (AC +4)))
Your body sometimes deteriorates upon taking damage.
You are robust. (+10% HP)


Message History

Casting: Iskenderun's Mystic Blast (mildly dangerous; 1% risk of failure)
Confirm with . or Enter, or press ? or * to list all spells.
Casting: Starburst (mildly dangerous; 1% risk of failure)
Press: ? - help, Dir - look around, f - activate
Okay, then.
Casting: Starburst (mildly dangerous; 1% risk of failure)
Confirm with . or Enter, or press ? or * to list all spells.
Okay, then.
Casting: Starburst (mildly dangerous; 1% risk of failure)
Confirm with . or Enter, or press ? or * to list all spells.
Aiming: Fireball (safe; 1% risk of failure)
Press: ? - help, Shift-Dir - straight line, f - naga
Aim: a naga, wielding a +0 battleaxe (inner flame)
You feel a strong surge of power!
The fireball explodes!
The fireball engulfs the naga!!!
Sif Muna accepts your kill.
The fireball engulfs the naga!!!
You kill the naga!
Sif Muna accepts your kill.
The naga explodes!
You feel sick.
A naga sharpshooter comes into view. It is wielding a +0 hand axe.
Unknown command.
Unknown command.
Unknown command.
Casting: Fireball (safe; 1% risk of failure)
Confirm with . or Enter, or press ? or * to list all spells.
Aiming: Fireball (safe; 1% risk of failure)
Press: ? - help, Shift-Dir - straight line, f - shock serpent
Aim: a shock serpent You feel a strong surge of power!
The fireball explodes!
The fireball engulfs the shock serpent!!!
The shock serpent is almost dead.
The shock serpent's electric aura discharges violently, shocking you!
* * * LOW HITPOINT WARNING * * *
You feel sick.
You are no longer poisoned.
The shock serpent shoots out a bolt of lightning at you!
The bolt of electricity hits you!
You die...

#. ... ...#.
##.##.###...N
##..§§☼......##
#...§☼§○......##
#...§)§§§......#
#....☼°)§§.§...#
#...)§§§§§§§S..#
#....§§..§§☼§..#
#!...°°)8§§♣§..#
#......○☼§.§☼..#
#.....☼☼§......#
#..............#
#................
###..............#
##.........#.....
#####.......#...
#########


You could see a naga sharpshooter and a shock serpent.

Vanquished Creatures
  A profane servitor (Elf:3)
  A bone dragon (Abyss:3)
  A Hell Sentinel (Abyss:3)
  2 deep elf blademasters
  A lich (Abyss:3)
  An Executioner (Abyss:3)
  The ghost of Grim the Severer, an adept MiBe of Trog (Swamp:2)
  Kirke (Swamp:2)
  Gastronok (Orc:1)
  2 deep elf master archers (Elf:3)
  2 tentacled starspawn (Abyss:3)
  2 thorn hunters
  A rockslime (Lair:4)
  An azure jelly (Swamp:4)
  5 deep elf sorcerers
  4 frost giants (IceCv)
  3 deep elf elementalists (Elf:3)
  An orc warlord (Orc:2)
  2 very ugly things
  An ironbound preserver (D:13)
  7 deep elf annihilators
  A white draconian (IceCv)
  12 bunyips
  3 eleionomae
  5 deep elf demonologists
  A minotaur (Gauntlet)
  A lorocyproca (Abyss:3)
  6 deep elf death magi (Elf:3)
  3 deep elf high priests (Elf:3)
  An entropy weaver (shapeshifter) (Abyss:4)
  A shambling mangrove (Abyss:4)
  Josephine (Orc:1)
  9 hydras
  9 ice dragons
  3 ghost crabs
  2 rakshasas
  7 ironbound frosthearts (IceCv)
  5 catoblepae
  4 boulder beetles
  8 centaur warriors
  13 alligators
  29 dancing weapons
  7 death yaks (Lair:5)
  A death knight (D:14)
  4 orc high priests (Orc:2)
  9 two-headed ogres
  A naga sharpshooter (Snake:1)
  2 thrashing horrors (Abyss:3)
  2 shock serpents (Snake:1)
  3 tengu warriors
  A sun demon (Abyss:3)
  The ghost of AdnanSaban the Basher, a novice GrFi of Okawaru (D:9)
  Amaemon (Lair:2)
  A fire crab (Gauntlet)
  A wretched star (Abyss:3)
  Nergalle (Orc:1)
  5 skeletal warriors (D:15)
  A sixfirhy (Abyss:4)
  A skyshark (Lair:5)
  24 deep elf knights
  4 goliath frogs
  4 spriggan druids
  8 deep elf archers
  2 swamp dragons
  A lindwurm (Lair:5)
  A necromancer (D:15)
  3 bog bodies
  9 orc knights
  6 starcursed masses
  3 wizards
  23 deep elf pyromancers
  30 deep elf zephyrmancers
  3 mana vipers (Snake:1)
  2 manticores (Lair:5)
  35 ugly things
  8 orc sorcerers
  4 worldbinders
  A salamander (shapeshifter) (Abyss:4)
  3 cyclopes
  2 will-o-the-wisps
  5 black mambas
  10 elephants
  3 guardian serpents
  2 water nymphs (Abyss:4)
  3 centaur zombies (D:15)
  A water nymph (shapeshifter) (D:15)
  An apocalypse crab (Abyss:3)
  Maurice (Orc:1)
  A smoke demon (Abyss:4)
  5 gargoyles
  3 naga magi (Snake:1)
  3 orange demons
  A torpor snail (Lair:2)
  8 cane toads
  Psyche (D:8)
  A centaur skeleton (D:15)
  A rime drake (shapeshifter) (D:15)
  4 freezing wraiths (Swamp:4)
  6 komodo dragons
  An unseen horror (D:12)
  13 rime drakes
  2 tengu conjurers (Gauntlet)
  An efreet (Abyss:3)
  A kobold demonologist (D:10)
  A yaktaur (D:15)
  An ancient zyme (Abyss:3)
  12 trolls
  9 polar bears
  7 meliai
  The ghost of Tinttamiau the Covert, a novice FeDe of Wu Jian (D:7)
  4 hornets
  19 blink frogs
  Prince Ribbit (D:7)
  A harpy skeleton (Abyss:3)
  9 tyrant leeches
  6 raiju
  Sigmund (D:3)
  A centaur simulacrum (D:15)
  58 yaks
  7 spriggans
  4 air elementals
  7 hogs (Swamp:2)
  10 wraiths
  A shadow (D:12)
  A vampire (D:10)
  10 slime creatures
  4 wyverns
  3 basilisks
  3 fire elementals
  3 water elementals
  3 ynoxinuls (Abyss:3)
  4 fire bats (Gauntlet)
  A steam dragon (Lair:4)
  4 swamp worm simulacra (Swamp:4)
  3 neqoxecs
  17 vampire mosquitoes
  A chaos spawn (Abyss:4)
  5 wargs
  3 acid dragons
  10 nagas
  15 swamp worms
  7 large abominations
  15 hydra simulacra (Swamp:4)
  5 small abominations (Abyss:3)
  12 water moccasins
  2 swamp drakes
  An ice beast (D:7)
  49 orc warriors
  A sky beast (D:8)
  17 ogres
  17 centaurs
  2 phantoms
  18 bullfrogs
  5 scorpions
  3 earth elementals
  21 wights
  7 electric eels (Lair:3)
  A howler monkey (D:8)
  4 quasits
  An iron imp (Abyss:3)
  3 hounds
  7 jellies
  3 gnoll boudas
  32 orc priests
  A sleepcap (D:6)
  7 iguanas
  20 orc wizards
  Ijyb (D:5)
  5 hell rats
  11 adders
  12 gnolls
  15 river rats
  A shadow imp (Gauntlet)
  7 white imps
  2 ufetubi
  4 swamp drake simulacra (Swamp:4)
  4 worms
  A dart slug (D:4)
  142 orcs
  8 ball pythons
  2 endoplasms
  5 giant cockroaches
  5 goblins
  7 hobgoblins
  4 jackals (D:5)
  3 quokkas
  5 bats
  4 frilled lizards
  4 kobolds
  17 rats
  A butterfly (Lair:1)
  3 lurking horrors (Abyss:3)
1245 creatures vanquished.

Vanquished Creatures (collateral kills)
  A fenstrider witch (Swamp:2)
  An orange crystal statue (IceCv)
  A deep elf zephyrmancer (Elf:2)
  An ugly thing (IceCv)
  An orc sorcerer (D:15)
  A rime drake (IceCv)
  2 slime creatures (Slime:1)
  2 foxfires (Lair:2)
10 creatures vanquished.

Vanquished Creatures (others)
  A tengu reaver (Abyss:4)
  A fenstrider witch (Swamp:3)
  A bloated husk (Swamp:3)
  A tyrant leech (Swamp:4)
  A raiju (Abyss:4)
  A water elemental (Elf:2)
  2 swamp worms
  An acid dragon (D:5)
  A small abomination (Abyss:3)
  1037 foxfires
  A starspawn tentacle (Abyss:3)
1048 creatures vanquished.

Grand Total: 2303 creatures vanquished

Notes
Turn   | Place    | Note
-------+----------+-------------------------------------------
     0 | D:1      | Conn the Octopode Fire Elementalist began the quest for the
                  | Orb.
     0 | D:1      | Reached XP level 1. HP: 11/11 MP: 3/3
   339 | D:1      | Found Qyewkaptub's Weapon Boutique.
   547 | D:1      | Reached XP level 2. HP: 17/17 MP: 5/5
   598 | D:1      | Found a faded altar of an unknown god.
  1156 | D:2      | Reached XP level 3. HP: 21/21 MP: 1/6
  1159 | D:2      | Learned a level 2 spell: Scorch
  1163 | D:2      | Learned a level 3 spell: Inner Flame
  1268 | D:2      | Found Ocaoduuh's Magic Scroll Shoppe.
  1272 | D:2      | Bought a scroll of butterflies for 44 gold pieces
  1272 | D:2      | Bought a scroll of teleportation for 33 gold pieces
  1274 | D:2      | Gained mutation: You are partially covered in iridescent
                  | scales. (AC +2) [potion of mutation]
  1274 | D:2      | Gained mutation: You are robust. (+10% HP) [potion of
                  | mutation]
  1274 | D:2      | Gained mutation: Your body sometimes deteriorates upon
                  | taking damage. [potion of mutation]
  1274 | D:2      | Gained mutation: You are mostly covered in iridescent
                  | scales. (AC +4) [potion of mutation]
  1392 | D:3      | Noticed Sigmund
  1480 | D:3      | Killed Sigmund
  1481 | D:3      | Reached skill level 1 in Fighting
  1481 | D:3      | Reached skill level 1 in Short Blades
  1481 | D:3      | Reached skill level 3 in Spellcasting
  1481 | D:3      | Reached XP level 4. HP: 30/30 MP: 0/8
  1481 | D:3      | Reached XP level 5. HP: 36/36 MP: 0/9
  1739 | D:3      | Found an opulent altar of Gozag.
  1792 | D:3      | Reached XP level 6. HP: 35/41 MP: 1/10
  2223 | D:4      | Identified the ring of Anaid {rN+ Will- Int+2 Dex+6 Slay+5}
  2389 | D:4      | Found an iron altar of Okawaru.
  2435 | D:4      | Reached XP level 7. HP: 42/47 MP: 1/12
  2443 | D:4      | Found a glowing drain.
  2515 | Sewer    | Entered a sewer
  3033 | D:4      | Found a glowing golden altar of the Shining One.
  3085 | D:4      | Reached skill level 4 in Spellcasting
  3094 | D:4      | You fall into a shaft and drop 3 floors!
  3102 | D:7      | Noticed a wyvern
  3118 | D:7      | Killed a wyvern
  3119 | D:7      | Reached skill level 5 in Stealth
  3119 | D:7      | Reached skill level 5 in Fire Magic
  3195 | D:7      | Noticed a wyvern
  3202 | D:7      | Killed a wyvern
  3203 | D:7      | Reached XP level 8. HP: 13/52 MP: 7/14
  3420 | D:7      | Found a flagged portal.
  3446 | D:7      | Noticed a yak
  3448 | D:7      | Noticed a yak
  3462 | D:7      | Noticed a yak
  3464 | D:7      | Noticed Prince Ribbit
  3466 | D:7      | Killed a yak
  3466 | D:7      | Killed a yak
  3470 | D:7      | Killed Prince Ribbit
  3471 | D:7      | Reached skill level 5 in Spellcasting
  3471 | D:7      | Reached XP level 9. HP: 52/59 MP: 6/16
  3525 | Bailey   | Entered a bailey
  3629 | Bailey   | Learned a level 4 spell: Flame Wave
  3636 | Bailey   | Learned a level 6 spell: Starburst
  3955 | Bailey   | Reached XP level 10. HP: 66/66 MP: 18/18
  3956 | Bailey   | Reached skill level 8 in Spellcasting
  3956 | Bailey   | Reached XP level 11. HP: 70/70 MP: 18/23
  3991 | Bailey   | Learned a level 6 spell: Plasma Beam
  3995 | Bailey   | Noticed an orc knight
  3995 | Bailey   | Noticed an orc knight
  4003 | Bailey   | Noticed an orc knight
  4003 | Bailey   | Noticed an orc knight
  4004 | Bailey   | Killed an orc knight
  4009 | Bailey   | Killed an orc knight
  4010 | Bailey   | Reached skill level 1 in Hexes
  4010 | Bailey   | Reached skill level 1 in Air Magic
  4010 | Bailey   | Killed an orc knight
  4014 | Bailey   | Killed an orc knight
  4400 | D:7      | Found a burning altar of Makhleb.
  4400 | D:7      | Noticed a blizzard demon
  4448 | D:7      | Found a runed translucent gate.
  4456 | D:7      | Found a runed translucent gate.
  4457 | D:7      | Found a runed translucent gate.
  4458 | D:7      | Found an opulent altar of Gozag.
  4461 | D:7      | Noticed Tinttamiau's ghost (novice FeDe)
  4475 | D:7      | Killed Tinttamiau's ghost
  4786 | D:7      | Found a broken altar of Ashenzari.
  5522 | D:5      | Entered Level 5 of the Dungeon
  5551 | D:5      | Reached XP level 12. HP: 47/77 MP: 2/24
  5831 | D:5      | Found Adailyuxt's Weapon Shoppe.
  6097 | D:5      | Found a large runed translucent door.
  6098 | D:5      | Found a large runed translucent door.
  6108 | D:5      | Noticed a two-headed ogre
  6118 | D:5      | Found a large runed translucent door.
  6118 | D:5      | Found a large runed translucent door.
  6136 | D:5      | Noticed Ijyb
  6139 | D:5      | Killed Ijyb
  6271 | D:5      | Found a staircase to the Ecumenical Temple.
  6594 | Temple   | Entered the Ecumenical Temple
  6635 | D:5      | Killed a two-headed ogre
  6641 | D:5      | Identified the +4 short sword "Hell-Harrower" {flame,
                  | rElec}
  6657 | D:5      | Learned a level 5 spell: Irradiate
  7274 | D:7      | Found a shimmering blue altar of Sif Muna.
  7278 | D:7      | Became a worshipper of Sif Muna the Loreminder
  7548 | D:8      | Found Enuis's Antique Armour Emporium.
  7631 | D:8      | Noticed Psyche
  8188 | D:8      | Killed Psyche
  8305 | D:9      | Noticed AdnanSaban's ghost (novice GrFi)
  8387 | D:9      | Found Uvuntaqe's Assorted Antiques.
  8392 | D:9      | Bought a granite ring for 140 gold pieces
  8431 | D:9      | Found a staircase to the Lair.
  8457 | D:9      | Reached * piety under Sif Muna
  8512 | D:9      | Found a transporter.
  8536 | D:9      | Found a transporter.
  8568 | D:9      | Killed AdnanSaban's ghost
  9153 | D:10     | Entered Level 10 of the Dungeon
  9341 | D:10     | Reached skill level 9 in Spellcasting
  9436 | D:10     | Reached skill level 1 in Transmutations
  9712 | D:10     | Reached skill level 1 in Invocations
  9719 | D:10     | Reached ** piety under Sif Muna
  9731 | D:10     | Noticed a soul eater
  9976 | D:10     | Noticed a boulder beetle
  9982 | D:10     | Killed a boulder beetle
 10372 | D:11     | Noticed a two-headed ogre
 10395 | D:11     | Killed a two-headed ogre
 10681 | D:11     | Reached XP level 13. HP: 76/85 MP: 11/26
 10797 | D:11     | Found a staircase to the Orcish Mines.
 10847 | D:11     | Reached skill level 5 in Short Blades
 11380 | Orc:1    | Entered Level 1 of the Orcish Mines
 11391 | Orc:1    | Reached *** piety under Sif Muna
 11497 | Orc:1    | Noticed Maurice
 11520 | Orc:1    | Killed Maurice
 11788 | Orc:1    | Noticed Josephine
 11796 | Orc:1    | Killed Josephine
 12209 | Orc:2    | Entered Level 2 of the Orcish Mines
 12680 | Orc:2    | Reached **** piety under Sif Muna
 13214 | Orc:2    | Reached skill level 10 in Spellcasting
 13313 | Orc:2    | Noticed an orc warlord
 13323 | Orc:2    | Killed an orc warlord
 13324 | Orc:2    | Reached skill level 5 in Fighting
 13324 | Orc:2    | Reached skill level 1 in Shields
 13478 | Orc:2    | Reached skill level 5 in Air Magic
 13665 | Orc:2    | Reached ***** piety under Sif Muna
 13743 | Orc:2    | Found Ixoblido's Antique Armour Emporium.
 13752 | Orc:2    | Found Jylaoxki's Antique Armour Shoppe.
 14012 | Orc:2    | Received a gift from Sif Muna
 14014 | Orc:2    | Reached XP level 14. HP: 96/96 MP: 9/28
 14016 | Orc:2    | Got Sif Muna's Anthology of Doom {god gift}
 14524 | Orc:2    | Identified the +8 hand axe "Qucuigis" {holy, rElec rCorr
                  | Dex-5 SInv}
 14689 | Orc:2    | Found a staircase to the Elven Halls.
 15052 | Orc:2    | Found Vuzumn's General Store.
 15178 | Orc:2    | Found Fapsest's Jewellery Shop.
 15194 | Orc:2    | Bought the ring "Qeraecw" {Drain Fly rC+ rN+ Dex+3} for 441
                  | gold pieces
 15194 | Orc:2    | Bought a ring of wizardry for 360 gold pieces
 15199 | Orc:2    | Learned a level 3 spell: Swiftness
 15422 | Orc:1    | Noticed Gastronok
 15426 | Orc:1    | Noticed Nergalle
 15429 | Orc:1    | Killed Nergalle
 15566 | Orc:2    | Learned a level 4 spell: Summon Lightning Spire
 15605 | Orc:1    | Killed Gastronok
 15606 | Orc:1    | Reached skill level 5 in Invocations
 16050 | Lair:1   | Entered Level 1 of the Lair of Beasts
 16082 | Lair:1   | Received a gift from Sif Muna
 16083 | Lair:1   | Got Sif Muna's Atlas of Lithic Bruises {god gift}
 16089 | Lair:1   | Learned a level 3 spell: Mephitic Cloud
 17147 | Lair:2   | Noticed Amaemon
 17151 | Lair:2   | Killed Amaemon
 17154 | Lair:2   | Reached skill level 1 in Summonings
 17930 | Lair:2   | Found a staircase to the Snake Pit.
 18777 | Lair:3   | Found a staircase to the Swamp.
 19284 | Lair:3   | Received a gift from Sif Muna
 19285 | Lair:3   | Got Sif Muna's Codex of Energy {god gift}
 19421 | Lair:3   | Reached skill level 1 in Axes
 19428 | Lair:3   | Reached skill level 5 in Dodging
 19503 | Lair:3   | Identified the amulet "Cyqa" {Faith rN+}
 19994 | Lair:3   | Reached skill level 11 in Spellcasting
 20150 | Lair:4   | Found a staircase to the Slime Pits.
 20453 | Lair:4   | Reached XP level 15. HP: 105/105 MP: 12/30
 21134 | Lair:5   | Entered Level 5 of the Lair of Beasts
 21366 | Lair:5   | Found a gate leading to a gauntlet.
 21386 | Gauntlet | Entered a Gauntlet
 21386 | Gauntlet | Found a transporter.
 21386 | Gauntlet | Found a transporter.
 21491 | Gauntlet | Found a transporter.
 21496 | Gauntlet | Found a transporter.
 21496 | Gauntlet | Found a transporter.
 21498 | Gauntlet | Found a transporter.
 21531 | Gauntlet | Found a transporter.
 21535 | Gauntlet | Found a transporter.
 21535 | Gauntlet | Found a transporter.
 21550 | Gauntlet | Found a transporter.
 21566 | Gauntlet | Found a transporter.
 21576 | Gauntlet | Found a transporter.
 21592 | Gauntlet | Found a transporter.
 21609 | Gauntlet | Found a transporter.
 22182 | Gauntlet | Identified the amulet "Qyshopue" {Acrobat Rampage Str+2}
 22247 | Gauntlet | Identified the +1 arbalest "Hierimy" {heavy, rElec rC+
                  | Dex+3}
 22279 | Gauntlet | Got the Omnibus of Hexes
 22283 | Gauntlet | Learned a level 2 spell: Blink
 22288 | Gauntlet | Identified the +2 ring mail of the Bulwark {rN+ Will+
                  | Stlth+}
 22721 | Lair:5   | Received a gift from Sif Muna
 22726 | Lair:5   | Reached skill level 1 in Translocations
 22731 | Lair:5   | Reached skill level 5 in Shields
 23843 | Swamp:1  | Entered Level 1 of the Swamp
 23848 | Swamp:1  | Learned a level 3 spell: Summon Guardian Golem
 24021 | Swamp:1  | Found a frozen archway.
 24074 | Swamp:1  | Reached skill level 12 in Spellcasting
 24196 | IceCv    | Entered an ice cave
 24303 | IceCv    | Reached XP level 16. HP: 70/114 MP: 3/32
 26444 | IceCv    | Learned a level 7 spell: Orb of Destruction
 26890 | Swamp:1  | Reached skill level 5 in Summonings
 27621 | Swamp:2  | Noticed Kirke
 27638 | Swamp:2  | Killed Kirke
 27801 | Swamp:2  | Found an opulent altar of Gozag.
 28018 | Swamp:2  | Reached skill level 13 in Spellcasting
 28018 | Swamp:2  | Noticed a fenstrider witch
 28019 | Swamp:2  | Paralysed by a fenstrider witch for 2 turns
 28044 | Swamp:3  | Noticed a thorn hunter
 29136 | Swamp:3  | Reached XP level 17. HP: 54/122 MP: 7/34
 29978 | Swamp:2  | Found a runed translucent door.
 29978 | Swamp:2  | Noticed Grim's ghost (adept MiBe)
 29997 | Swamp:2  | Killed Grim's ghost
 30136 | Swamp:2  | Identified the +6 long sword of Beogh's Outrage {freeze,
                  | rC+}
 30569 | Swamp:4  | Entered Level 4 of the Swamp
 31781 | Swamp:4  | Reached skill level 14 in Spellcasting
 32768 | Swamp:4  | Got a decaying rune of Zot
 33178 | D:12     | Received a gift from Sif Muna
 33179 | D:12     | Got Sif Muna's Parchment of the Grave and Relocation {god
                  | gift}
 33397 | D:12     | Found Boidesiomp's Jewellery Shoppe.
 33730 | D:12     | Bought the ring of Freedom {rPois rF- Str+6 Int+3 Dex-2}
                  | for 555 gold pieces
 34440 | D:13     | Found a gate to the Vaults.
 35417 | D:14     | Reached skill level 15 in Fire Magic
 35500 | D:14     | Found an iron altar of Okawaru.
 35552 | D:14     | Received a gift from Sif Muna
 35698 | D:14     | Reached XP level 18. HP: 113/128 MP: 14/36
 36229 | D:15     | Entered Level 15 of the Dungeon
 36232 | D:15     | Reached skill level 10 in Invocations
 36381 | D:15     | Reached skill level 1 in Staves
 36618 | D:15     | Found a sparkling altar of Nemelex Xobeh.
 36707 | D:15     | Paralysed by an orc sorcerer for 5 turns
 36715 | D:15     | Paralysed by an orc sorcerer for 2 turns
 36819 | D:15     | Identified the +4 whip of the Ageing Gods {spect, Contam
                  | *Rage rElec MP+9}
 37022 | D:15     | Reached skill level 15 in Spellcasting
 37226 | D:15     | Found a staircase to the Depths.
 37824 | Elf:1    | Entered Level 1 of the Elven Halls
 37824 | Elf:1    | Found a runed translucent gate.
 37824 | Elf:1    | Found a runed translucent gate.
 37824 | Elf:1    | Found a runed translucent gate.
 37824 | Elf:1    | Found a runed translucent gate.
 37824 | Elf:1    | Found a runed translucent gate.
 37824 | Elf:1    | Found a runed translucent gate.
 37825 | Elf:1    | Found a runed translucent door.
 37830 | Elf:1    | Received a gift from Sif Muna
 37837 | Elf:1    | Got Xet Mit's Handbook of Displaced Attendants {god gift}
 37927 | Elf:1    | Found a runed translucent door.
 37930 | Abyss:3  | Cast into level 3 of the Abyss (a deep elf sorcerer)
 37955 | Abyss:3  | Found a corrupted altar of Lugonu.
 37982 | Elf:1    | Escaped the Abyss
 38971 | Elf:1    | Learned a level 4 spell: Iskenderun's Mystic Blast
 38977 | Elf:1    | Learned a level 5 spell: Fireball
 39005 | Elf:1    | Paralysed by an air elemental for 1 turns
 39294 | Elf:2    | Found Qaudus's Armour Boutique.
 39316 | Elf:2    | Noticed a Hell Sentinel
 39491 | Elf:2    | Found a runed translucent gate.
 39491 | Elf:2    | Found a runed translucent gate.
 39493 | Elf:2    | Found a runed translucent gate.
 39570 | Elf:2    | Paralysed by an air elemental for 1 turns
 39575 | Elf:2    | Paralysed by an air elemental for 1 turns
 39810 | Elf:2    | Reached skill level 1 in Poison Magic
 40382 | Elf:2    | Reached XP level 19. HP: 134/134 MP: 22/38
 40631 | Elf:2    | Reached skill level 16 in Spellcasting
 40713 | Elf:2    | Reached skill level 10 in Shields
 41274 | Elf:3    | Entered Level 3 of the Elven Halls
 41755 | Elf:3    | Reached skill level 15 in Conjurations
 42205 | Elf:3    | Identified the ring "Xassad" {rElec SInv}
 42219 | Elf:3    | Identified the +4 halberd "Kupniqai" {venom, rPois}
 42579 | Elf:3    | Identified the +1 long sword "Hell-Harrower" {heavy, Int+3
                  | Dex+3}
 42582 | Abyss:3  | Found a corrupted altar of Lugonu.
 42582 | Abyss:3  | Cast into level 3 of the Abyss (a deep elf sorcerer)
 42749 | Abyss:3  | Noticed a bone dragon
 42970 | Abyss:3  | Found a corrupted altar of Lugonu.
 43024 | Abyss:3  | Killed a bone dragon
 43038 | Elf:3    | Escaped the Abyss
 43499 | Elf:3    | Identified the +2 plate armour of the Lobster {Will+ Str+3
                  | Dex+3}
 43607 | Elf:3    | Identified the +8 flail "Yceri" {flame, rElec rPois Dex+2}
 43607 | Elf:3    | Identified the ring "Exitew" {rC+ rN+}
 43620 | Abyss:3  | Cast into level 3 of the Abyss (a deep elf demonologist)
 43663 | Abyss:3  | Noticed a Hell Sentinel
 43682 | Abyss:3  | Killed a Hell Sentinel
 43683 | Abyss:3  | Reached skill level 17 in Spellcasting
 43863 | Abyss:3  | Noticed a hellephant
 43873 | Abyss:3  | Reached XP level 20. HP: 109/140 MP: 3/41
 43908 | Abyss:4  | Noticed a bone dragon
 44076 | Abyss:4  | Noticed a bone dragon
 44090 | Abyss:4  | Received a gift from Sif Muna
 44091 | Abyss:4  | Noticed a profane servitor
 44111 | Elf:3    | Escaped the Abyss
 44114 | Elf:3    | Identified the +3 dagger of Mastery {protect, rElec rF++
                  | rN+++ Stlth-}
 44118 | Elf:3    | Killed a profane servitor
 44136 | Elf:2    | HP: 7/141 [deep elf blademaster/+0 rapier (11)]
 45062 | Elf:3    | Identified the staff "Telac" {rN+ Str+5 Dex+2 Necro}
 45782 | Slime:1  | Entered Level 1 of the Pits of Slime
 46007 | Snake:1  | Entered Level 1 of the Snake Pit
 46022 | Snake:1  | Killed from afar by a shock serpent

Illustrated notes

Levels and vault maps discovered:
D:1:      minmay_arrival_cross, layout_loops_ring, serial_shops, shop,
          hellmonk_ecumenical_altar_leap_of_faith, minmay_misc_feat_four_crosses
D:2:      layout_basic, serial_shops, nicolae_shop_back_alley_shop,
          minmay_pentomino_z4
D:3:      layout_rooms, lemuel_doored_altar, kennysheep_nondescript,
          uniq_sigmund
D:4:      layout_rooms, nicolae_tso_carved_into_rock,
          mainiacjoe_overflow_alcove_4, gup_sewer_entry_bowl,
          kennysheep_generic_room_7
D:5:      layout_loops_cross, minmay_temple_entry_glassed_door, serial_shops,
          shop, serial_park_tiny_1, minmay_hollow_rounded_squares, uniq_ijyb
D:6:      layout_gridville, moated_statue, chequers_serial_rivers_room_b
D:7:      layout_basic, nicolae_ashenzari_skybound, makhleb_altar_promises_db,
          nicolae_sif_muna_little_library, ebering_ghost_gozag, enter_bailey_2,
          uniq_prince_ribbit1
D:8:      layout_cave_pools, serial_shops, shop, uniq_psyche
D:9:      layout_basic, lair_entry_dummy, gammafunk_ghost_stat_death,
          serial_shops, kennysheep_little_box
D:10:     minmay_inner_zag, layout_rooms, nzn_sisyphean_effort
D:11:     layout_stronghold, erik_orc_4, minmay_diced_spiral
D:12:     layout_rooms, serial_shops, shop
D:13:     layout_layer_cave, skrybe_vaults_entry_preservation
D:14:     layout_basic, hellmonk_okawaru_the_only_friend_you_need
D:15:     grunt_enter_depths_magical_seal, layout_basic,
          nemelex_spade_bored_becter
Temple:   lightli_temple_of_artemis
Lair:1:   layout_loops_ring, chequers_serial_rivers_room_b, minivault_19,
          kennysheep_abandoned_house, infiniplex_staircase_pool,
          lemuel_fruit_fields
Lair:2:   layout_regular_city, guppyfry_snake_entry_garden, st_stairs_4,
          minmay_hedge_maze, grunt_forest_large_clearing_hut, uniq_amaemon
Lair:3:   layout_small_grid, minmay_swamp_entry_eels,
          cheibrodos_lair_reptile_den, serial_bayou_shore_b
Lair:4:   layout_hall_layers, slime_entry_1, lemuel_fruit_fields,
          grunt_megastairs_1
Lair:5:   evilmike_catoblepas_cave, layout_layer_cave, gauntlet_entry_generic,
          chequers_serial_rivers_room_a
Swamp:1:  layout_falls_marsh, portal_ice_cave_entry_ugly_swarm,
          evilmike_swamp_ruin_house_5
Swamp:2:  layout_basic_swamp, gammafunk_ghost_grave, nicolae_swamp_godswood,
          swamp_pool2, nicolae_swamp_bunyip_nook, uniq_kirke
Swamp:3:  layout_basic_swamp, serial_swamp_ruin, hangedman_swamp_ruin_wall,
          evilmike_swamp_ruin_house_1, evilmike_swamp_ruin_house_2, swamp_pool2
Swamp:4:  swamp_icy, layout_basic_swamp, swamp_pool4
Snake:1:  layout_concentric_octagons, evilmike_ambush
          [evilmike_ambush_outer_basic, evilmike_ambush_inner_basic],
          minmay_shop_star, lemuel_fruit_tree, uniq_roxanne
Slime:1:  layout_caves
Orc:1:    layout_diamond_mine, uniq_nergalle, uniq_josephine, uniq_gastronok,
          uniq_maurice
Orc:2:    pubby_orc_utopia, serial_shops
Elf:1:    nicolae_elf_arrival_dilemma, layout_geoelf_diagonals,
          evilmike_minifort
Elf:2:    nicolae_elf_blades_splatter_lattice [nicolae_blade_lattice],
          layout_loops_cross, serial_shops, shop
Elf:3:    grunt_elf_hall_diamonds, layout_geoelf_grid,
          fake_guardian_serpent_vault

Skill      XL: |  1  2  3  4  5  6  7  8  9 10 11 12 13 14 15 16 17 18 19 20 |
---------------+-------------------------------------------------------------+-----
Stealth        | 4 5 6 7 8 |  8.2
Fighting       | 1 2 3 5 6 7 8 9 |  9.0
Short Blades   | 1 2 3 4 6 |  6.2
Spellcasting   | 3 4 5 8 9 10 11 12 13 14 15 17 | 17.4
Fire Magic     | 4 5 6 11 12 13 14 15 16 | 16.0
Conjurations   | 2 4 9 11 12 13 14 15 16 | 16.0
Dodging        | 3 4 5 6 7 |  7.1
Hexes          | 1 2 |  2.8
Air Magic      | 1 3 5 6 |  6.0
Transmutations | 2 3 |  3.0
Invocations    | 2 4 6 7 8 9 10 11 | 11.1
Shields        | 1 4 5 7 8 9 10 11 | 11.0
Summonings     | 2 4 5 |  5.2
Axes           | 1 2 |  2.2
Translocations | 2 3 4 |  4.7
Staves         | 2 |  2.3
Poison Magic   | 1 |  1.3
Unarmed Combat | |  0.6

Action                     |  1- 3 |  4- 6 |  7- 9 | 10-12 | 13-15 | 16-18 | 19-21 || total
---------------------------+-------+-------+-------+-------+-------+-------+-------++-------
  Melee: Tentacles         |     4 |     4 |    11 |    33 |    86 |    68 |    30 ||   236
         Staff             |     3 |       |       |       |       |    88 |    25 ||   116
         Unarmed           |     1 |       |       |       |       |     3 |       ||     4
         Dagger            |    23 |    19 |    42 |   108 |   220 |    74 |    37 ||   523
         Constrict         |     6 |     5 |     9 |    19 |    58 |    20 |    10 ||   127
         Punch             |       |       |     3 |     1 |     5 |     6 |     4 ||    19
         Hand axe          |       |       |       |       |    75 |    18 |       ||    93
   Cast: Foxfire           |    28 |    19 |    59 |   170 |   287 |    15 |    13 ||   591
         Scorch            |     3 |    11 |    13 |    73 |    95 |    22 |     4 ||   221
         Inner Flame       |       |     1 |     5 |    15 |    28 |     8 |     6 ||    63
         Flame Wave        |       |       |     2 |    22 |    75 |     2 |     1 ||   102
         Starburst         |       |       |       |     6 |    67 |   329 |   101 ||   503
         Plasma Beam       |       |       |       |       |    11 |    31 |       ||    42
         Mephitic Cloud    |       |       |       |       |     8 |     8 |    13 ||    29
         Summon Lightning  |       |       |       |       |     4 |    11 |     4 ||    19
         Blink             |       |       |       |       |     2 |     4 |    12 ||    18
         Orb of Destructio |       |       |       |       |       |     8 |    13 ||    21
         Summon Guardian G |       |       |       |       |       |     2 |       ||     2
         Iskenderun's Myst |       |       |       |       |       |     7 |   116 ||   123
         Fireball          |       |       |       |       |       |     5 |    40 ||    45
 Invoke: Channel Magic     |       |       |       |       |     7 |    21 |    20 ||    48
  Evoke: Wand              |       |       |       |     2 |       |     1 |       ||     3
    Use: Potion            |     4 |       |     5 |     2 |     2 |     8 |     9 ||    30
         Scroll            |     1 |       |     3 |    20 |    10 |     5 |     5 ||    44
   Stab: Sleeping          |     5 |     3 |     6 |     9 |    19 |     8 |     1 ||    51
         Distracted        |       |       |       |       |       |     2 |     1 ||     3
         Confused          |       |       |       |       |       |       |     1 ||     1
 Armour: Skin              |    11 |     6 |    10 |    16 |    73 |    63 |    23 ||   202
  Dodge: Dodged            |    31 |    23 |    21 |   108 |   321 |   222 |    88 ||   814
  Block: Other             |       |       |     7 |    40 |    72 |     9 |       ||   128
         Reflection        |       |       |       |     8 |     3 |    34 |    15 ||    60
         Kite shield       |       |       |       |       |    71 |   303 |   165 ||   539

Table legend: (Time is in decaauts)
 A = Elapsed time spent in this place.
 B = Non-inter-level travel time spent in this place.
 C = Inter-level travel time spent in this place.
 D = Time resting spent in this place.
 E = Time spent auto-exploring this place.
 F = Levels seen in this place.
 G = Mean time per level.
                   A        B        C        D        E       F      G
               +--------+--------+--------+--------+--------+-----+--------+
         Total |  46081 |  44096 |   1985 |   7733 |  23690 |  40 | 1152.0 |
       Dungeon |  15088 |  14206 |    882 |    916 |   9305 |  15 | 1005.9 |
        Temple |     15 |     15 |      0 |      0 |      0 |   1 |   15.0 |
          Lair |   7154 |   6806 |    348 |    770 |   4528 |   5 | 1430.8 |
         Swamp |   6534 |   6398 |    136 |   1240 |   3696 |   4 | 1633.5 |
     Snake Pit |     16 |     16 |      0 |      0 |      0 |   1 |   16.0 |
    Slime Pits |      6 |      6 |      0 |      0 |      0 |   1 |    6.0 |
  Orcish Mines |   4734 |   4524 |    210 |    575 |   2596 |   2 | 2367.0 |
   Elven Halls |   6760 |   6353 |    407 |   1744 |   2544 |   3 | 2253.3 |
         Abyss |   1033 |   1033 |      0 |     78 |    211 |   4 |  258.2 |
         Sewer |    281 |    281 |      0 |      0 |    199 |   1 |  281.0 |
        Bailey |    788 |    788 |      0 |    402 |     77 |   1 |  788.0 |
      Ice Cave |   2683 |   2683 |      0 |   1789 |    365 |   1 | 2683.0 |
      Gauntlet |    982 |    982 |      0 |    219 |    169 |   1 |  982.0 |
               +--------+--------+--------+--------+--------+-----+--------+

Top non-repeatable levels by time:
   Elf:2: 3461 daAuts
   Orc:2: 3365 daAuts
   IceCv: 2683 daAuts
 Swamp:4: 2098 daAuts
 Swamp:3: 2051 daAuts
    D:13: 1725 daAuts
   Elf:3: 1699 daAuts
  Lair:2: 1666 daAuts
  Lair:5: 1626 daAuts
   Elf:1: 1599 daAuts
     D:7: 1532 daAuts
 Swamp:1: 1370 daAuts
   Orc:1: 1368 daAuts
     D:5: 1329 daAuts
  Lair:4: 1328 daAuts
